 Dungeon Crawl Stone Soup version 0.24.0-123-gd5b16e6ec5 (webtiles) character file.

Game seed: 8757449244709449940, levelgen mode: deterministic

145 Iamsoldier the Skirmisher (level 5, -8/34 HPs)
             Began as a Gargoyle Fighter on Dec 18, 2019.
             Mangled by an orc warrior
             ... wielding a +0 glaive of freezing
              (23 damage)
             ... on level 4 of the Dungeon.
             The game lasted 00:03:48 (2700 turns).

Iamsoldier the Skirmisher (Gargoyle Fighter)        Turns: 2700, Time: 00:03:49

Health: -8/34      AC: 12    Str: 21    XL:     5   Next: 27%
Magic:  5/5        EV: 13    Int:  8    God:
Gold:   226        SH:  9    Dex:  9    Spells: 4/4 levels left

rFire    + . .     SeeInvis .   a - +1 flail
rCold    + . .     Gourm    .   c - +0 shield
rNeg     + . .     Faith    .   b - +0 scale mail
rPois    ∞         Spirit   .   l - +0 helmet
rElec    +         Reflect  .   (no cloak)
rCorr    +         Harm     .   (no gloves)
MR       .....                  (no boots)
Stlth    ..........             (no amulet)
HPRegen  0.11/turn              g - ring of flight
MPRegen  0.09/turn              t - +6 ring of evasion

@: resistant
A: negative energy resistance 1, electricity resistance, unbreathing,
petrification resistance, rot immunity, AC +4
a: Evoke Flight


You were on level 4 of the Dungeon.
You were not hungry.

You visited 1 branch of the dungeon, and saw 4 of its levels.

You collected 226 gold pieces.

Inventory:

Hand Weapons
 a - a +1 flail (weapon)
Armour
 b - a +0 scale mail (worn)
 c - a +0 shield (worn)
 l - a +0 helmet (worn)
Jewellery
 g - a ring of flight (left hand)
 t - a +6 ring of evasion (right hand)
 v - an uncursed ring of resist corrosion {unknown}
Wands
 w - a wand of acid (5)
Scrolls
 h - a scroll of remove curse {unknown}
 i - 2 scrolls of identify
 j - a scroll of enchant weapon
 k - a scroll of fear {unknown}
 o - a scroll of amnesia {unknown}
 q - a scroll of fog {unknown}
 r - a scroll of random uselessness {unknown}
Potions
 p - a potion of flight
Comestibles
 f - 6 rations
 u - 2 chunks of flesh


   Skills:
 * Level 4.5 Fighting
 * Level 3.4 Maces & Flails
 + Level 4.0 Armour
 + Level 3.9 Shields


You had 4 spell levels left.
You didn't know any spells.
Your spell library was empty.

Dungeon Overview and Level Annotations

Branches:
Dungeon (4/15)
 Temple: D:4-7

Altars:
Cheibriados
Gozag
Hepliaklqana


Innate Abilities, Weirdness & Mutations

You are resistant to torment.
Your stone body is resilient. (AC +4)
You are immune to poison.
You resist negative energy. (rN+)
You are resistant to electric shocks. (rElec)
You can survive without breathing.
You are immune to petrification.
You are immune to rotting.


Message History

You hit the orc.
The orc is heavily wounded.
You block the worker ant's attack. The orc hits you but does no damage.
The worker ant bites you but does no damage.
The orc warrior closely misses you.
You closely miss the orc.
The orc is heavily wounded.
The orc closely misses you. You block the worker ant's attack.
You block the orc warrior's attack.
You hit the orc.
You kill the orc!
You block the worker ant's attack.
The worker ant bites you but does no damage.
You block the orc's attack. The orc warrior misses you.
You closely miss the orc.
A worker ant comes into view.
The worker ant barely misses you. You block the orc's attack.
The orc warrior hits you from afar with a +0 glaive of freezing!!
Ouch! That really hurt!
You die...

#.....#... .....#
#.....#... .....#
#....>##.##.....#
##.........#.....#
#.....#...§.§....#
#....##.§≈§.§≈ ..#
#.......§≈#'# #.#
#.ho.....†o_+...#
##o##..<.≈#@#≈..#
#### #[##....≈≈a≈≈#
...####.##.....#o#h#
....h...########o..#
....##########$.o..#
..o.# #.....#.#####
..o.# #.....o.#
....# #.......#
.##########h..(#


You could see an orc warrior, a howler monkey, a worker ant and 3 orcs.

Vanquished Creatures
  A howler monkey (D:4)
  4 adders
  An adder skeleton (D:4)
  A worm (D:2)
  2 dart slugs (D:1)
  2 leopard geckos
  2 orcs (D:4)
  8 bats
  4 giant cockroaches
  A goblin (D:2)
  8 hobgoblins
  4 jackals (D:1)
  8 kobolds
  A quokka (D:3)
  2 ball pythons (D:4)
  4 frilled lizards
  3 rats
  A bush (D:2)
57 creatures vanquished.

Notes
Turn   | Place    | Note
-------+----------+-------------------------------------------
     0 | D:1      | Iamsoldier the Gargoyle Fighter began the quest for the
                  | Orb.
     0 | D:1      | Reached XP level 1. HP: 14/14 MP: 1/1
   140 | D:1      | Reached XP level 2. HP: 13/19 MP: 2/2
   618 | D:1      | Reached XP level 3. HP: 22/24 MP: 3/3
  1964 | D:2      | Reached XP level 4. HP: 24/29 MP: 4/4
  2239 | D:3      | Found an opulent altar of Gozag.
  2507 | D:3      | Found a snail-covered altar of Cheibriados.
  2626 | D:4      | Found a hazy altar of Hepliaklqana.
  2636 | D:4      | Reached XP level 5. HP: 34/34 MP: 5/5
  2637 | D:4      | Noticed an orc warrior
  2659 | D:4      | HP: 1/34 [something (2)]
  2700 | D:4      | Mangled by an orc warrior

Levels and vault maps discovered:
D:1:      lemuel_arrival_muddy, layout_loops_ring
D:2:      layout_loops_cross, serial_forest, infiniplex_forest_clump_medium,
          infiniplex_forest_end_3, infiniplex_forest_lined_1,
          infiniplex_forest_clump_small, infiniplex_forest_clump_curved
D:3:      layout_loops_ring, nicolae_overflow_crystal_walls,
          nicolae_gozag_cash_rules_everything_around_me
D:4:      cheibrodos_helix_gallery, layout_basic, kennysheep_mini_moat,
          serial_shops, shop, first_ration, minmay_crystal_room

Skill      XL: |  1  2  3  4  5 |
---------------+----------------+-----
Fighting       | 4 |  4.5
Maces & Flails | 3 |  3.4
Armour         | 4 |  4.0
Shields        | |  3.9

Action                   |  1- 3 |  4- 6 || total
-------------------------+-------+-------++-------
Melee: Flail             |   201 |    95 ||   296
  Use: Scroll            |       |     3 ||     3
       Potion            |       |     5 ||     5
  Eat: Chunk             |     2 |     4 ||     6
Armor: Scale mail        |    78 |    74 ||   152
Dodge: Dodged            |    52 |    76 ||   128
Block: Shield            |    86 |    81 ||   167
